 Dungeon Crawl Stone Soup version 0.32-a0-576-g706899e (webtiles) character file.

Game seed: 316768329537991638

133293 TrunRight the Warrior (level 16, -6/162 HPs)
             Began as a Pale Draconian Shapeshifter on Mar 1, 2024.
             Was a High Priest of Wu Jian.
             Mangled by a spriggan rider
             ... wielding a +0 spear
              (11 damage)
             ... on level 1 of the Swamp.
             The game lasted 00:54:12 (33332 turns).

TrunRight the Warrior (DrSh)                       Turns: 33332, Time: 00:54:12

Health: -6/162     AC: 14    Str: 17    XL:     16   Next: 59%
Magic:  0/16       EV: 27    Int: 16    God:    Wu Jian [*****.]
Gold:   146        SH:  0    Dex: 17    Spells: 15/15 levels left

rFire   + .          .
                       - Unarmed
rCold   + . .        (shield currently unavailable)
rNeg    . . .        (body armour unavailable)
rPois   .            (helmet restricted)
rElec   .            G - +1 cloak {rCorr}
rCorr   +            l - +1 pair of gloves
SInv    .            I - +0 pair of boots {rampage}
Will    +....        e - amulet of guardian spirit
Stlth   +            J - ring of Paranoia {rF+ rC+ Int+4}
HPRegen 0.47/turn    h - +5 ring of evasion
MPRegen 0.15/turn

%: guardian spirit, rampage
@: lethally poisoned (-6 -> -31), flux-form, glowing, very slow
A: glow, contaminating, steam breath, AC +9, unfitting armour, cold-blooded,
steam resistance
a: Steam Breath, Begin Untransformation, Renounce Religion, Wall Jump, Serpent's
Lash, Heavenly Storm


You were on level 1 of the Swamp.
You worshipped Wu Jian.
Wu Jian was extremely pleased with you.
You were something dangerously unstable.
You visited 6 branches of the dungeon, and saw 25 of its levels.
You also visited: Gauntlet and Ice Cave.

You collected 2065 gold pieces.
You spent 1919 gold pieces at shops.

Inventory:

Missiles
 n - 8 curare-tipped darts
 K - 3 javelins
 Q - 4 throwing nets
Armour
 l - a +1 pair of gloves (worn)
 G - a +1 cloak of preservation (worn)
 I - a +0 pair of boots of rampaging (worn)
 O - a +1 cloak of willpower
Jewellery
 a - a +4 ring of protection
 d - a ring of flight
 e - an amulet of guardian spirit (around neck)
 h - a +5 ring of evasion (right hand)
 k - a ring of see invisible
 J - the ring of Paranoia (left hand) {rF+ rC+ Int+4}
   (You found it in a Gauntlet)

   [ring of protection from fire]

   Int+4:     It affects your intelligence (+4).
   rF+:       It protects you from fire.
   rC+:       It protects you from cold.
 U - a ring of fire
Talismans
 c - a flux talisman (active)
Wands
 s - a wand of acid (7)
 v - a wand of paralysis (8)
 N - a wand of flame (2)
Scrolls
 g - 4 scrolls of revelation
 m - 2 scrolls of fog
 p - 5 scrolls of enchant weapon
 q - 11 scrolls of teleportation
 r - a scroll of acquirement
 x - 4 scrolls of immolation
 y - 2 scrolls of summoning
 C - 5 scrolls of enchant armour
 D - 5 scrolls of amnesia
 H - a scroll of brand weapon
 M - 7 scrolls of identify
 S - 3 scrolls of poison
Potions
 b - a potion of cancellation
 f - a potion of magic
 i - 3 potions of attraction
 j - 8 potions of lignification
 o - 8 potions of curing
 t - 4 potions of haste
 u - 5 potions of mutation
 w - 5 potions of might
 z - 3 potions of brilliance
 A - 3 potions of ambrosia
 B - 2 potions of heal wounds
 E - 3 potions of resistance
 P - a potion of enlightenment
 R - 2 potions of invisibility
Miscellaneous
 F - a phantom mirror (quivered)
 L - a phial of floods
 V - a tin of tremorstones (2/2)
 Y - a box of beasts


   Skills:
 - Level 20.0 Fighting
 - Level 10.0 Dodging
 + Level 16.7 Unarmed Combat
 - Level 14.0 Shapeshifting


You had 15 spell levels left.
You didn't know any spells.
Your spell library contained the following spells:

 Spells                   Type           Power      Damage    Failure   Level
 Magic Dart               Conj           0%         1d3       26%         1
 Necrotise                Necr           0%         1d4       26%         1
 Sandblast                Erth           0%         2d4       26%         1
 Sting                    Conj/Alch      0%         1d3       26%         1
 Cigotuvi's Dreadful Rot  Necr/Alch/Air  0%         N/A       36%         2
 Ensorcelled Hibernation  Hex/Ice        0%         N/A       36%         2
 Mercury Vapours          Alch/Air       0%         N/A       36%         2
 Searing Ray              Conj           0%         2d4       36%         2
 Frozen Ramparts          Ice            0%         1d1       58%         3
 Hailstorm                Conj/Ice       0%         3d5       58%         3
 Inner Flame              Hex/Fire       0%         N/A       58%         3
 Passwall                 Erth           0%         N/A       58%         3
 Stone Arrow              Conj/Erth      0%         3d7       58%         3
 Summon Ice Beast         Ice/Summ       0%         N/A       58%         3
 Tukima's Dance           Hex            0%         N/A       58%         3
 Vampiric Draining        Necr           0%         2d6       58%         3
 Anguish                  Hex/Necr       0%         N/A       94%         4
 Animate Dead             Necr           0%         N/A       94%         4
 Brom's Barrelling Bould  Conj/Erth      0%         2d3       94%         4
 Cause Fear               Hex            0%         N/A       94%         4
 Dimensional Bullseye     Hex/Tloc       0%         N/A       94%         4
 Dispel Undead            Necr           0%         3d6       94%         4
 Fulminant Prism          Conj/Alch      0%         3d5       94%         4
 Ignite Poison            Fire/Alch      0%         N/A       94%         4
 Iskenderun's Mystic Bla  Conj/Tloc      0%         2d3       94%         4
 Leda's Liquefaction      Alch/Erth      0%         N/A       94%         4
 Martyr's Knell           Necr/Summ      0%         N/A       94%         4
 Olgreb's Toxic Radiance  Alch           0%         N/A       94%         4
 Petrify                  Alch/Erth      0%         N/A       94%         4
 Sticky Flame             Fire/Alch      0%         2d4       94%         4
 Curse of Agony           Necr           0%         N/A       100%        5
 Fireball                 Conj/Fire      0%         3d3       100%        5
 Freezing Cloud           Conj/Ice/Air   0%         6-21      100%        5
 Irradiate                Conj/Alch      0%         3d11      100%        5
 Iskenderun's Battlesphe  Conj           0%         2d6       100%        5
 Metabolic Englaciation   Hex/Ice        0%         N/A       100%        5
 Conjure Ball Lightning   Conj/Air       0%         3x3d6     100%        6
 Sculpt Simulacrum        Ice/Alch       0%         N/A       100%        6
 Enfeeble                 Hex            0%         N/A       100%        7
 Haunt                    Necr/Summ      0%         N/A       100%        7
 Orb of Destruction       Conj           0%         9d5       100%        7
 Ozocubu's Refrigeration  Ice            0%         4d7       100%        7
 Ignition                 Fire           0%         3d3       100%        8
 Infestation              Necr           0%         N/A       100%        8
 Polar Vortex             Ice            0%         N/A       100%        9


Dungeon Overview and Level Annotations

Branches:
Dungeon (15/15) Zot: 24910 Temple (1/1) D:6 Zot: 5998 Lair (5/5) D:9 Zot: 21104 Swamp (1/4) Lair:3 Zot: 5685 Snake (1/4) Lair:3 Zot: 5998 Slime (0/5) Lair:5 Orc (2/2) D:9 Zot: 8379 Elf (0/3) Orc:2 Vaults (0/5) D:13 D:14 Depths (0/4) D:15 IceCv (visited) Gauntlet (visited)

Altars:
Ashenzari
Cheibriados
Dithmenos
Elyvilon
Fedhas
Gozag
Hepliaklqana
Kikubaaqudgha
Makhleb
Nemelex Xobeh
Okawaru
Qazlal
Ru
Sif Muna
Trog
Uskayaw
Vehumet
Wu Jian
Xom
Yredelemnul
Zin
The Shining One
Jiyva

Shops:
D:5 *   Orc:2 (**(


Innate Abilities, Weirdness & Mutations

You are something dangerously unstable.
You glow with magical radiation, making you easy to see and hit.
Foes you strike become dangerously contaminated with magical radiation.
You are incapable of wielding weapons or throwing items.
You can breathe blasts of scalding, opaque steam.
Your pale cyan-grey scales are hard. (AC +9)
You cannot fit into any form of body armour.
You are cold-blooded and may be slowed by cold attacks.
You are immune to the effects of steam.


Message History

You lose 5MP, and have [0/16] MP
Okay, then.
Okay, then.
You feel much better.
The fenstrider witch stops glowing.
The fenstrider witch completely misses you. x2
The spriggan rider hits you from afar with a +0 spear!
* * * LOW HITPOINT WARNING * * *
You gain 17 hp, and have [18/162] hp.
Okay, then.
You feel much better.
The fenstrider witch hits you but does no damage.
The fenstrider witch completely misses you.
The fenstrider witch gestures at you while chanting.
The toxic sludge hits you!!
You are poisoned.
* * * LOW HITPOINT WARNING * * *
Splash!
You fall into the toxic bog.
Moving in this stuff is going to be slow.
The spriggan rider hits you from afar with a +0 spear.
* * * LOW HITPOINT WARNING * * *
You gain 3 hp, and have [21/162] hp.
You feel better.
You fester in the toxic bog!
You are poisoned.
* * * LOW HITPOINT WARNING * * *
x2 You feel very sick.
The fenstrider witch completely misses you. x2
The spriggan rider hits you from afar with a +0 spear!
* * * LOW HITPOINT WARNING * * *
You take 15 HP, and have [6/162] HP
Okay, then.
Okay, then.
You feel much better.
You fester in the toxic bog!!
You are lethally poisoned!
* * * LOW HITPOINT WARNING * * *
x2 You feel extremely sick.
The fenstrider witch barely misses you.
The fenstrider witch completely misses you.
The spriggan rider hits you from afar with a +0 spear!
You die...

♣♣~♣~~ ♣.~~~..♣
♣.~~♣~.♣...~°.♣
♣.~~♣~.~.~~~°$♣
♣..~~~....~~°.♣♣
♣.~~~~~♣♣.~~♣..♣
♣.~~♣~♣♣♣♣♣.†~~♣
♣.(.~~..~.♣♣i~.♣
♣♣.♣..~†~~.♣♣H).♣♣
♣..♣♣♣.~~..♣♣p~..♣
♣~~~~.~...♣..†~~.♣♣
♣♣..~..~♣~..~♣.~~..♣
♣♣......~~~.~~~~.~.♣~.~
♣♣~~..§..~.....~.~~~.~~.
..~.~~~§~.~~~.~♣.~~~....
.♣~..~♣~..~..~♣♣~~~.....
...~.....♣♣~~...~.≈.....
♣.~..≈..♣♣.♣~~..♣...~~..


You could see a fenstrider witch (misshapen) and a spriggan rider.

Vanquished Creatures
  Rupert (D:14)
  Jorgrun (D:12)
  A frost giant (IceCv)
  A reaper (Gauntlet)
  The ghost of Caerwyn the Severer, a journeyman CoCA of Ignis (Lair:5)
  A bunyip (Lair:3)
  2 eleionomae
  A minotaur (Gauntlet)
  A dire elephant (D:14)
  Erolcha (D:13)
  Harold (Lair:2)
  5 ogre magi
  13 hydras
  2 catoblepae
  3 alligators (Lair:3)
  4 centaur warriors
  2 boulder beetles
  25 two-headed ogres
  A death knight (D:14)
  12 death yaks
  3 tengu warriors
  2 orc high priests
  2 skysharks
  A goliath frog (Lair:3)
  An arcanist (D:13)
  A swamp dragon (Swamp:1)
  2 orc knights
  A bog body (Swamp:1)
  A harpy (shapeshifter) (D:11)
  A wolf spider (D:15)
  2 orc sorcerers
  3 deep elf pyromancers
  3 manticores
  4 cyclopes
  A salamander (D:15)
  3 ugly things
  11 elephants
  11 black mambas
  Joseph (Lair:1)
  An ice statue (IceCv)
  12 cane toads
  A gargoyle (D:11)
  2 torpor snails
  4 kobold demonologists
  7 komodo dragons
  An unseen horror (D:11)
  11 rime drakes
  A komodo dragon (shapeshifter) (D:11)
  An ice devil (Gauntlet)
  2 tengu conjurers
  A hellwing (Gauntlet)
  A troll (shapeshifter) (D:11)
  11 hornets
  3 trolls
  10 polar bears
  The ghost of bignoob the Shooter, an amateur CoHu of Okawaru (D:7)
  7 dream sheep (Lair:5)
  18 blink frogs
  5 slime creatures
  6 shadows
  7 wyverns
  6 wraiths
  19 spriggans
  6 basilisks
  78 yaks
  16 humans
  3 wargs
  2 steam dragons
  4 vampire mosquitoes (D:15)
  2 swamp worms (Swamp:1)
  22 water moccasins
  20 orc warriors
  3 sky beasts (D:7)
  12 black bears
  A meliai simulacrum (D:15)
  A laughing skull (D:11)
  A sky beast (shapeshifter) (D:15)
  6 boggarts
  An ice beast (D:9)
  43 wolves
  28 ogres
  12 centaurs
  A phantom (D:5)
  A kobold brigand (D:9)
  15 bullfrogs
  A cane toad simulacrum (Lair:1)
  A scorpion (D:6)
  16 wights
  A gnoll sergeant (D:9)
  4 killer bees (D:10)
  An elephant simulacrum (Lair:1)
  2 howler monkeys
  7 electric eels
  3 hounds
  A wyvern simulacrum (D:9)
  17 orc priests
  4 bombardier beetles
  A jelly (D:6)
  A gnoll bouda (D:9)
  Crazy Yiuf (D:7)
  21 orc wizards
  A sleepcap (D:4)
  4 iguanas
  8 hell rats
  3 centaur simulacra
  15 gnolls
  10 adders
  2 shadow imps
  5 white imps
  5 ufetubi
  6 dart slugs
  3 ribbon worms
  86 orcs
  4 ball pythons
  13 endoplasms
  6 giant cockroaches
  11 goblins
  13 hobgoblins
  A jackal (D:3)
  6 quokkas
  4 bats
  3 frilled lizards
  13 kobolds
  5 rats
858 creatures vanquished.

Vanquished Creatures (collateral kills)
  An orc warlord (Orc:1)
  3 ogres (Orc:2)
  An orc priest (Orc:2)
5 creatures vanquished.

Vanquished Creatures (others)
  An ice beast (D:9)
1 creature vanquished.

Grand Total: 864 creatures vanquished

Notes
Turn   | Place    | Note
-------+----------+-------------------------------------------
     0 | D:1      | TrunRight the Draconian Shapeshifter began the quest for
                  | the Orb.
     0 | D:1      | Reached XP level 1. HP: 16/16 MP: 1/1
   222 | D:1      | Reached XP level 2. HP: 24/24 MP: 2/2
   415 | D:1      | Reached skill level 2 in Fighting
  1048 | D:2      | Reached XP level 3. HP: 27/30 MP: 3/3
  1281 | D:2      | Found a shimmering blue altar of Sif Muna.
  2090 | D:3      | Reached skill level 3 in Fighting
  2098 | D:3      | Reached XP level 4. HP: 11/38 MP: 1/4
  2385 | D:3      | Reached XP level 5. HP: 34/45 MP: 3/5
  2574 | D:3      | Found an opulent altar of Gozag.
  2577 | D:3      | Found an iron altar of Okawaru.
  2578 | D:3      | Found an ancient bone altar of Kikubaaqudgha.
  2585 | D:3      | Reached skill level 5 in Shapeshifting
  2600 | D:3      | Found a radiant altar of Vehumet.
  2601 | D:3      | Found a stormy altar of Qazlal.
  2603 | D:3      | Found a glowing silver altar of Zin.
  2603 | D:3      | Found a snail-covered altar of Cheibriados.
  2604 | D:3      | Found a shimmering blue altar of Sif Muna.
  2606 | D:3      | Found a hazy altar of Hepliaklqana.
  2610 | D:3      | Found a hide-covered altar of Uskayaw.
  2611 | D:3      | Found a shimmering altar of Xom.
  2893 | D:3      | Found Ustany's Distillery.
  2902 | D:3      | Bought a potion of curing for 42 gold pieces
  2902 | D:3      | Bought a potion of berserk rage for 70 gold pieces
  3419 | D:4      | Reached XP level 6. HP: 49/51 MP: 6/6
  3616 | D:4      | Identified the +4 spear "Bedunoequzau" {drain, MP+9 Str+3}
  4165 | D:5      | Entered Level 5 of the Dungeon
  4206 | D:5      | Your scales start taking on a pale cyan-grey colour.
  4206 | D:5      | Reached XP level 7. HP: 57/57 MP: 7/7
  4206 | D:5      | Gained mutation: You are immune to the effects of steam.
                  | [Pale Draconian growth]
  4251 | D:5      | Found Eleiv's General Store.
  4259 | D:5      | Bought a potion of lignification for 36 gold pieces
  4647 | D:5      | Found a bloodstained altar of Trog.
  4754 | D:6      | Found a staircase to the Ecumenical Temple.
  4770 | Temple   | Entered the Ecumenical Temple
  4919 | D:6      | Reached XP level 8. HP: 59/63 MP: 8/8
  5559 | D:6      | Reached skill level 4 in Fighting
  6142 | D:7      | Reached skill level 5 in Fighting
  6142 | D:7      | Reached skill level 10 in Shapeshifting
  6166 | D:7      | Reached XP level 9. HP: 30/70 MP: 9/9
  6344 | D:7      | Found a transporter.
  6344 | D:7      | Noticed bignoob's ghost (amateur CoHu)
  6346 | D:7      | Found a transporter.
  6346 | D:7      | Identified the +1 giant club "Asoxt" {pain, *Rage Will+
                  | Str+4}
  6346 | D:7      | Noticed a two-headed ogre
  6532 | D:7      | Reached skill level 6 in Fighting
  6576 | D:7      | Noticed a two-headed ogre
  6576 | D:7      | Noticed a two-headed ogre
  6595 | D:7      | Killed a two-headed ogre
  6872 | D:7      | Reached skill level 7 in Fighting
  7068 | D:7      | Found a runed translucent door.
  7069 | D:7      | Noticed Crazy Yiuf
  7348 | D:7      | Killed a two-headed ogre
  7349 | D:7      | Reached XP level 10. HP: 61/88 MP: 10/10
  7554 | D:7      | Killed Crazy Yiuf
  7823 | D:8      | Reached skill level 8 in Fighting
  7953 | D:8      | Found a white marble altar of Elyvilon.
  8277 | D:8      | Found an ornate altar of the Wu Jian Council.
  8335 | D:8      | Became a worshipper of the Wu Jian Council
  8972 | D:9      | Found a staircase to the Orcish Mines.
  9112 | D:9      | Reached skill level 9 in Fighting
  9179 | D:9      | Reached * piety under Wu Jian
  9440 | D:9      | Found a burning altar of Makhleb.
  9496 | D:9      | Found a staircase to the Lair.
  9496 | D:9      | Noticed an elephant
  9523 | D:9      | Killed an elephant
  9693 | D:9      | Found a blossoming altar of Fedhas.
 10025 | Orc:1    | Entered Level 1 of the Orcish Mines
 10025 | Orc:1    | Noticed an orc high priest
 10027 | Orc:1    | Noticed an orange demon
 10033 | D:9      | Noticed a sixfirhy
 10035 | D:9      | Killed an orc high priest
 10036 | D:9      | Reached XP level 11. HP: 76/99 MP: 11/11
 10756 | Orc:1    | Reached ** piety under Wu Jian
 10757 | Orc:1    | Reached skill level 10 in Fighting
 11097 | Orc:2    | Entered Level 2 of the Orcish Mines
 11102 | Orc:2    | Noticed an orc sorcerer
 11153 | Orc:2    | Noticed an orc high priest
 11155 | Orc:2    | Noticed an ogre mage
 11157 | Orc:2    | Noticed a two-headed ogre
 11159 | Orc:2    | Noticed a two-headed ogre
 11357 | Orc:2    | Noticed a two-headed ogre
 11360 | Orc:2    | Noticed a two-headed ogre
 11365 | Orc:2    | Noticed a two-headed ogre
 11369 | Orc:2    | Noticed an orc warlord
 11376 | Orc:1    | Killed a two-headed ogre
 11385 | Orc:1    | Reached skill level 5 in Unarmed Combat
 11414 | Orc:2    | Noticed a two-headed ogre
 11546 | Orc:2    | Noticed a two-headed ogre
 11547 | Orc:2    | Noticed a two-headed ogre
 11618 | Orc:1    | Killed a two-headed ogre
 11774 | Orc:1    | Killed a two-headed ogre
 11841 | Orc:2    | Noticed a two-headed ogre
 11845 | Orc:2    | Noticed a two-headed ogre
 11851 | Orc:2    | Noticed an ogre mage
 11859 | Orc:1    | Killed a two-headed ogre
 11863 | Orc:1    | Killed a two-headed ogre
 12082 | Orc:2    | Killed an ogre mage
 12083 | Orc:2    | Paralysed by an ogre mage for 2 turns
 12089 | Orc:2    | Paralysed by an ogre mage for 2 turns
 12094 | Orc:2    | Killed an ogre mage
 12099 | Orc:2    | Noticed an ogre mage
 12124 | Orc:1    | Killed a two-headed ogre
 12248 | Orc:2    | Killed an ogre mage
 12249 | Orc:2    | Reached XP level 12. HP: 81/106 MP: 12/12
 12326 | Orc:1    | Killed an orc high priest
 12327 | Orc:1    | Reached skill level 10 in Unarmed Combat
 12335 | Orc:1    | Killed a two-headed ogre
 12423 | Orc:2    | Noticed an ogre mage
 12425 | Orc:2    | Noticed a two-headed ogre
 12432 | Orc:2    | Noticed a two-headed ogre
 12441 | Orc:2    | Killed an ogre mage
 12528 | Orc:1    | Killed a two-headed ogre
 12631 | Orc:1    | Killed a two-headed ogre
 12632 | Orc:1    | Reached skill level 5 in Dodging
 12698 | Orc:1    | Killed a two-headed ogre
 12704 | Orc:1    | Killed a two-headed ogre
 12761 | Orc:2    | Found a staircase to the Elven Halls.
 12887 | Orc:1    | Killed an orc warlord
 12888 | Orc:1    | Reached skill level 11 in Fighting
 12899 | Orc:1    | HP: 5/110 [poisoned by an orc warlord]
 13208 | Orc:1    | Killed a two-headed ogre
 13307 | Orc:2    | Reached skill level 12 in Fighting
 13349 | Orc:2    | Noticed a two-headed ogre
 13360 | Orc:2    | Killed a two-headed ogre
 13411 | Orc:2    | Noticed a two-headed ogre
 13421 | Orc:2    | Killed a two-headed ogre
 13557 | Orc:2    | Reached skill level 13 in Fighting
 13594 | Orc:2    | Reached *** piety under Wu Jian
 13912 | Orc:2    | Noticed a two-headed ogre
 13921 | Orc:2    | Killed a two-headed ogre
 13974 | Orc:2    | Found Tisag's General Store.
 13974 | Orc:2    | Found Dodu Jer's Antique Weapon Boutique.
 13974 | Orc:2    | Found Pebig's Antique Weapon Shop.
 13974 | Orc:2    | Found Voimuteu's General Store.
 13981 | Orc:2    | Bought a scroll of identify for 34 gold pieces
 13981 | Orc:2    | Bought a potion of heal wounds for 85 gold pieces
 13983 | Orc:2    | Bought a potion of magic for 120 gold pieces
 13983 | Orc:2    | Bought a potion of mutation for 120 gold pieces
 13983 | Orc:2    | Bought a potion of curing for 45 gold pieces
 14394 | Lair:1   | Entered Level 1 of the Lair of Beasts
 14491 | Lair:1   | Reached XP level 13. HP: 98/123 MP: 13/13
 14492 | Lair:1   | Noticed Joseph
 14503 | Lair:1   | Killed Joseph
 14504 | Lair:1   | Reached skill level 14 in Fighting
 14506 | Lair:1   | Reached **** piety under Wu Jian
 14709 | Lair:1   | Found a frozen archway.
 14718 | IceCv    | Entered an ice cave
 14895 | IceCv    | Reached skill level 15 in Fighting
 15545 | IceCv    | Noticed a frost giant
 15556 | IceCv    | Killed a frost giant
 15594 | IceCv    | Found the +8 frozen axe "Frostbite" {freeze, freezing
                  | cloud, *Noise Fly rC+}
 15796 | Lair:1   | Identified the +4 cloak of the Stone Wall {Harm rC+ Will-}
 16114 | Lair:2   | Found a gate leading to a gauntlet.
 16129 | Gauntlet | Entered a Gauntlet
 16129 | Gauntlet | Found a transporter.
 16129 | Gauntlet | Found a transporter.
 16155 | Gauntlet | Found a transporter.
 16157 | Gauntlet | Found a transporter.
 16162 | Gauntlet | Found a transporter.
 16171 | Gauntlet | Found a transporter.
 16178 | Gauntlet | Noticed a reaper
 16179 | Gauntlet | Found a transporter.
 16179 | Gauntlet | Found a transporter.
 16195 | Gauntlet | Found a transporter.
 16218 | Gauntlet | Found a transporter.
 16251 | Gauntlet | Found a transporter.
 16265 | Gauntlet | Found a transporter.
 16278 | Gauntlet | Found a transporter.
 16363 | Gauntlet | Found a transporter.
 16365 | Gauntlet | Found a large runed translucent door.
 16365 | Gauntlet | Found a large runed translucent door.
 16366 | Gauntlet | Found a large runed translucent door.
 16366 | Gauntlet | Found a large runed translucent door.
 16367 | Gauntlet | Found a large runed translucent door.
 16367 | Gauntlet | Found a runed translucent door.
 16367 | Gauntlet | Found a large runed translucent door.
 16367 | Gauntlet | Found a runed translucent door.
 16367 | Gauntlet | Found a large runed translucent door.
 16367 | Gauntlet | Found a large runed translucent door.
 16368 | Gauntlet | Found a large runed translucent door.
 16368 | Gauntlet | Found a large runed translucent door.
 16371 | Gauntlet | Found a large runed translucent door.
 16371 | Gauntlet | Found a large runed translucent door.
 16372 | Gauntlet | Found a large runed translucent door.
 16372 | Gauntlet | Found a large runed translucent door.
 16372 | Gauntlet | Found a large runed translucent door.
 16372 | Gauntlet | Found a large runed translucent door.
 16375 | Gauntlet | Found a runed translucent gate.
 16375 | Gauntlet | Found a runed translucent gate.
 16375 | Gauntlet | Found a runed translucent gate.
 16377 | Gauntlet | Found a transporter.
 16390 | Gauntlet | Found a transporter.
 16598 | Gauntlet | Identified the ring of Paranoia {rF+ rC+ Int+4}
 16635 | Gauntlet | Killed a reaper
 16667 | Gauntlet | Noticed a minotaur
 16676 | Gauntlet | Killed a minotaur
 16785 | Gauntlet | Identified the +7 halberd "Giantslayer" {heavy, +Blink Fly}
 16850 | Lair:2   | Reached ***** piety under Wu Jian
 17480 | Lair:2   | Reached XP level 14. HP: 76/135 MP: 8/14
 18018 | Lair:2   | Noticed Harold
 18033 | Lair:2   | Killed Harold
 18251 | Lair:2   | Reached skill level 15 in Unarmed Combat
 18583 | Lair:2   | Identified the +6 sling of Laehasin {antimagic, Will++
                  | Str-3 SInv Stlth-}
 18885 | Lair:2   | Identified the staff of the Hawk {rPois rF+ Int+2 Dex-3
                  | Fire Alchemy}
 19392 | Lair:3   | Found a staircase to the Snake Pit.
 19821 | Lair:3   | Found a staircase to the Swamp.
 20595 | Lair:4   | Got the Tome of Molten Frost
 21170 | Lair:5   | Entered Level 5 of the Lair of Beasts
 21258 | Lair:5   | Found a staircase to the Slime Pits.
 21258 | Lair:5   | Found a viscous altar of Jiyva.
 21270 | Lair:5   | Reached skill level 10 in Dodging
 21285 | Lair:5   | Reached XP level 15. HP: 64/141 MP: 9/15
 21944 | Lair:5   | Reached skill level 16 in Fighting
 22238 | Lair:5   | Identified the +10 shortbow of the Conjuring Seer {speed,
                  | Str+4}
 22614 | Lair:5   | Reached ****** piety under Wu Jian
 22756 | Lair:5   | Reached skill level 17 in Fighting
 23229 | Lair:5   | Found a runed translucent door.
 23231 | Lair:5   | Noticed Caerwyn's ghost (journeyman CoCA)
 23232 | Lair:5   | Identified the +5 spear "Ogeog" {pain, Will+ Str+4 Stlth+}
 24031 | Lair:5   | Killed Caerwyn's ghost
 24421 | D:10     | Entered Level 10 of the Dungeon
 24521 | D:10     | Found a transporter.
 24521 | D:10     | Found a transporter.
 24527 | D:10     | Found a transporter.
 24927 | D:10     | Found a transporter.
 24991 | D:10     | Paralysed by a hornet for 1 turns
 26109 | D:11     | Reached skill level 18 in Fighting
 26385 | D:11     | Found a large runed translucent door.
 26385 | D:11     | Found a large runed translucent door.
 26614 | D:11     | Found a large runed translucent door.
 26616 | D:11     | Found a large runed translucent door.
 26630 | D:11     | Identified the +10 dagger of the Unspeakable One {holy,
                  | +Blink Int+4}
 26938 | D:11     | Found the +8 demon blade "Leech" {evervamp, Harm ^Drain
                  | rN+}
 27070 | D:11     | Identified the +0 ring mail of the Big Bang {Int+9 Dex-5}
 27078 | D:11     | Got Huzugeab's Verses on Abominable Mysteries
 27286 | D:12     | Found Unoyr's Magic Scroll Shoppe.
 27293 | D:12     | Bought a scroll of noise for 14 gold pieces
 27293 | D:12     | Bought a scroll of enchant armour for 105 gold pieces
 27293 | D:12     | Bought a scroll of teleportation for 42 gold pieces
 27293 | D:12     | Bought a scroll of vulnerability for 56 gold pieces
 27311 | D:12     | Bought a scroll of amnesia for 56 gold pieces
 27311 | D:12     | Bought a scroll of identify for 28 gold pieces
 27311 | D:12     | Bought a scroll of identify for 28 gold pieces
 27497 | D:12     | Noticed Jorgrun
 27506 | D:12     | Killed Jorgrun
 27568 | D:12     | Identified the +1 chain mail of Dishonour {*Corrode MP+9
                  | Dex+6 Stlth+}
 28311 | D:13     | Reached skill level 19 in Fighting
 28855 | D:13     | Noticed Erolcha
 28860 | D:13     | Killed Erolcha
 28861 | D:13     | Reached XP level 16. HP: 159/160 MP: 16/16
 28992 | D:14     | Noticed Rupert
 28992 | D:14     | Found a gate to the Vaults.
 29610 | D:14     | Killed Rupert
 29775 | D:14     | Reached skill level 20 in Fighting
 30109 | D:15     | Entered Level 15 of the Dungeon
 30114 | D:15     | Found a snail-covered altar of Cheibriados.
 30832 | D:15     | Identified a scroll of acquirement
 30869 | D:15     | Found a staircase to the Depths.
 31529 | D:5      | Bought a scroll of summoning for 114 gold pieces
 31652 | D:7      | Killed bignoob's ghost
 31869 | D:3      | Bought a potion of curing for 42 gold pieces
 31869 | D:3      | Bought a potion of might for 56 gold pieces
 31869 | D:3      | Bought a potion of lignification for 42 gold pieces
 31869 | D:3      | Bought a potion of ambrosia for 112 gold pieces
 31869 | D:3      | Bought a potion of might for 56 gold pieces
 31869 | D:3      | Bought 3 potions of haste for 420 gold pieces
 31869 | D:3      | Bought a potion of might for 56 gold pieces
 31869 | D:3      | Bought a potion of resistance for 140 gold pieces
 32113 | Snake:1  | Entered Level 1 of the Snake Pit
 32163 | Swamp:1  | Entered Level 1 of the Swamp
 33323 | Swamp:1  | Paralysed by a fenstrider witch for 5 turns
 33327 | Swamp:1  | HP: 4/162 [fenstrider witch (5)]
 33328 | Swamp:1  | HP: 1/162 [spriggan rider/+0 spear (2)]
 33332 | Swamp:1  | Mangled by a spriggan rider

Illustrated notes

Levels and vault maps discovered:
D:1:      dpeg_arrival_castle, layout_basic
D:2:      layout_loops_corners, basic_altar
D:3:      minmay_angry_zag, layout_basic, nicolae_overflow_hallway_of_the_gods,
          serial_shops, nicolae_lakefront_shop
D:4:      layout_loops_cross, nicolae_half_adder
D:5:      layout_rooms, trog_book, serial_shops, shop, grunt_decor_fettered
D:6:      layout_cave_pods, minmay_temple_entry_statues_fountains, serial_park,
          serial_park_gazebo [serial_park_minivault_5x5_6], serial_park_tiny_1,
          serial_park_square2, serial_park_square2, kennysheep_pointless_box
D:7:      layout_loops_ring, gammafunk_ghost_smash, minmay_crystal_room,
          nicolae_phantomly_mirrored, uniq_crazy_yiuf_cottage
D:8:      layout_loops_ring, general_overflow_altar,
          mainiacjoe_overflow_alcove_4, amcnicky_mini_rare_corridor_liquid,
          water_boxes_lemuel
D:9:      layout_roguey, mainiacjoe_overflow_surrounded_room,
          mainiacjoe_overflow_small_starburst, david_lair_generic, orc_0_dummy,
          serial_ice, serial_ice_l, serial_ice_e, serial_ice_c, serial_ice_h
D:10:     layout_layer_cave, nicolae_diode_quadrants
D:11:     layout_loops_cross, minmay_hollow_rounded_squares
D:12:     layout_irregular_city, serial_shops, shop, uniq_jorgrun
D:13:     layout_roguey, uniq_erolcha
D:14:     layout_rooms, david_vaults_3, columned_hall_lemuel, drop_trap
D:15:     hangedman_depths_entry_try_elsewhere_first, layout_rooms,
          hangedman_decor_lopped, kennysheep_slug_shrine, uniq_rupert
Temple:   nicolae_temple_superstar
Lair:1:   layout_big_grid, portal_ice_cave_entry_ice_simulacra, uniq_joseph
Lair:2:   nzn_winding_woodlands_huge [nzn_winding_woodlands_5x15_zeroes,
          nzn_winding_woodlands_5x15_garden,
          nzn_winding_woodlands_5x15_pathside_ponds,
          nzn_winding_woodlands_5x15_concentric,
          nzn_winding_woodlands_5x15_split_checker,
          nzn_winding_woodlands_5x15_sidewinder,
          nzn_winding_woodlands_5x15_crooked,
          nzn_winding_woodlands_5x15_longhouse,
          nzn_winding_woodlands_5x15_river_crossing,
          nzn_winding_woodlands_5x15_twine,
          nzn_winding_woodlands_center_triple_pond,
          nzn_winding_woodlands_center_garden,
          nzn_winding_woodlands_15x15_thick_spiral], layout_regular_city,
          gauntlet_entry_generic, beast_lair_carwin_2, uniq_harold
Lair:3:   layout_hall_layers, mainiacjoe_swamp_entry_lozenge_pond,
          minmay_snake_entry_six_corridors, lemuel_fruit_fields
Lair:4:   layout_roguey
Lair:5:   minmay_lair_end_enchanted_forest, layout_cave_shapes, slime_entry_1,
          ebering_ghost_funeral_grove, nicolae_lair_grazing_beasts
          [nicolae_sub_lair_graze_edge, nicolae_sub_lair_graze_edge,
          nicolae_sub_lair_graze_edge, nicolae_sub_lair_graze_edge],
          serial_bayou_shore_b
Swamp:1:  layout_falls_marsh, nicolae_swamp_ascending_descending,
          infiniplex_staircase_pool
Snake:1:  nicolae_snake_attic_fulla_snakes, layout_rooms
Orc:1:    layout_caves
Orc:2:    st_orc_ogre_mass, layout_caves, nicolae_volcano_entry_two_sided

Skill      XL: |  1  2  3  4  5  6  7  8  9 10 11 12 13 14 15 16 |
---------------+-------------------------------------------------+-----
Fighting       | 2 3 5 7 9 10 13 15 19 20 | 20.0
Shapeshifting  | 4 5 7 8 10 11 13 14 | 14.0
Unarmed Combat | 9 10 13 15 16 | 16.7
Dodging        | 5 10 | 10.0

Action                     |  1- 3 |  4- 6 |  7- 9 | 10-12 | 13-15 | 16-18 || total
---------------------------+-------+-------+-------+-------+-------+-------++-------
  Melee: Unarmed           |   142 |     1 |       |   843 |  1734 |   407 ||  3127
         Punch             |     5 |       |       |       |       |       ||     5
         Tailslap          |     6 |    12 |    22 |   186 |   402 |    93 ||   721
         Hand axe          |       |   114 |       |       |       |       ||   114
         Spear             |       |     5 |   180 |     4 |       |       ||   189
         Great sword       |       |       |     3 |       |       |       ||     3
 Invoke: Serpent's Lash    |       |       |       |       |     2 |     1 ||     3
         Heavenly Storm    |       |       |       |       |     2 |     1 ||     3
Ability: Steam Breath      |       |       |     4 |     2 |    15 |     5 ||    26
         Lunge             |       |       |       |    29 |    64 |    13 ||   106
         Whirlwind         |       |       |       |    16 |   114 |    24 ||   154
         Wall Jump         |       |       |       |       |     2 |     1 ||     3
  Evoke: Wand              |       |       |     2 |    14 |       |       ||    16
         Phantom mirror    |       |       |       |     1 |     2 |       ||     3
         Box of beasts     |       |       |       |       |       |     1 ||     1
    Use: Potion            |     1 |     1 |       |     1 |     2 |     4 ||     9
         Scroll            |     1 |     1 |     4 |    14 |    12 |     2 ||    34
   Stab: Sleeping          |     3 |     2 |     4 |       |       |       ||     9
         Distracted        |       |       |       |       |     1 |       ||     1
 Armour: Skin              |    65 |    65 |   124 |   461 |   812 |   289 ||  1816
  Dodge: Dodged            |    73 |    82 |    95 |   681 |  1881 |   497 ||  3309
   Form: Flux              |       |       |       |     1 |     1 |       ||     2
                           |       |       |       |       |     1 |       ||     1

Table legend: (Time is in decaauts)
 A = Elapsed time spent in this place.
 B = Non-inter-level travel time spent in this place.
 C = Inter-level travel time spent in this place.
 D = Time resting spent in this place.
 E = Time spent auto-exploring this place.
 F = Levels seen in this place.
 G = Mean time per level.
                   A        B        C        D        E       F      G
               +--------+--------+--------+--------+--------+-----+--------+
         Total |  32949 |  30057 |   2892 |   3400 |  20421 |  27 | 1220.3 |
       Dungeon |  18477 |  16524 |   1953 |   1196 |  12449 |  15 | 1231.8 |
        Temple |      1 |      1 |      0 |      0 |      0 |   1 |    1.0 |
          Lair |   8895 |   8130 |    765 |    668 |   5571 |   5 | 1779.0 |
         Swamp |    313 |    313 |      0 |      0 |    225 |   1 |  313.0 |
     Snake Pit |      1 |      0 |      1 |      0 |      0 |   1 |    1.0 |
  Orcish Mines |   3620 |   3448 |    172 |   1515 |   1193 |   2 | 1810.0 |
      Ice Cave |   1003 |   1003 |      0 |     21 |    635 |   1 | 1003.0 |
      Gauntlet |    634 |    634 |      0 |      0 |    347 |   1 |  634.0 |
               +--------+--------+--------+--------+--------+-----+--------+

Top non-repeatable levels by time:
   Orc:1: 2533 daAuts
  Lair:5: 2347 daAuts
  Lair:2: 2335 daAuts
     D:9: 2055 daAuts
     D:7: 1970 daAuts
  Lair:4: 1875 daAuts
    D:10: 1659 daAuts
  Lair:3: 1585 daAuts
    D:14: 1301 daAuts
    D:11: 1234 daAuts
     D:6: 1197 daAuts
     D:3: 1165 daAuts
     D:4: 1147 daAuts
     D:8: 1132 daAuts
   Orc:2: 1086 daAuts
